 Dungeon Crawl Stone Soup version 0.26-a0-651-gb41185065b (webtiles) character file.

Game seed: 17951530036011452792

40 Lanoc the Covered (level 3, -11/23 HPs)
             Began as a Tengu Fighter on Oct 18, 2020.
             Killed by divine providence
             ... invoked by an orc priest
              (12 damage)
             ... on level 3 of the Dungeon.
             The game lasted 00:01:05 (578 turns).

Lanoc the Covered (Tengu Fighter)                    Turns: 578, Time: 00:01:05

Health: -11/23     AC: 11    Str: 16    XL:     3   Next: 50%
Magic:  4/4        EV:  3    Int:  8    God:
Gold:   86         SH:  9    Dex: 20    Spells: 2/2 levels left

rFire    . . .     SeeInvis .   a - +0 long sword
rCold    . . .     Faith    .   c - +0 kite shield
rNeg     . . .     Spirit   .   h - +0 plate armour
rPois    .         Reflect  .   (helmet restricted)
rElec    .         Harm     .   (no cloak)
rCorr    .         Rampage  .   (no gloves)
MR       .....                  (boots unavailable)
Stlth    ..........             (no amulet)
HPRegen  0.07/turn              m - +6 ring of dexterity
MPRegen  0.09/turn              (no ring)

@: slowed, very slow
A: beak, talons 3
a: no special abilities


You were on level 3 of the Dungeon.
You visited 1 branch of the dungeon, and saw 3 of its levels.

You collected 86 gold pieces.

Inventory:

Hand Weapons
 a - a +0 long sword (weapon)
Missiles
 k - 5 atropa-tipped darts (quivered)
Armour
 c - a +0 kite shield (worn)
 h - a +0 plate armour (worn)
Jewellery
 m - a +6 ring of dexterity (left hand)
Scrolls
 b - a scroll of remove curse {unknown}
 f - 2 scrolls of fear {unknown}
 g - a scroll of fog {unknown}
 j - a scroll of enchant armour {unknown}
Potions
 d - 2 potions of might
 e - a potion of haste {unknown}
 i - a potion of degeneration {unknown}
 l - a potion of curing {unknown}


   Skills:
 + Level 3.3 Fighting
 * Level 3.1 Long Blades
 + Level 3.6 Armour
 + Level 1.2 Dodging
 - Level 3.0 Shields


You had 2 spell levels left.
You didn't know any spells.
Your spell library was empty.

Dungeon Overview and Level Annotations

Branches:
Dungeon (3/15)

Altars:


Innate Abilities, Weirdness & Mutations

You have a beak for a mouth.
You have claws for feet.


Message History

* * * LOW HITPOINT WARNING * * *
Throwing (i - inventory)
k - 6 atropa-tipped darts (quivered)
Press: ? - help, Shift-Dir - straight line, f - orc wizard
Aim: an orc wizard, wielding a +0 dagger and wearing a +0 robe (severely wounded, fast, chance to blind on hit: 75%)
You throw an atropa-tipped dart.
The atropa-tipped dart hits the orc wizard.
The orc wizard appears confused.
The orc wizard is severely wounded.
The orc wizard seems less confused.
The orc wizard hits you but does no damage.
The orc priest looks satisfied for a moment.
The orc wizard hits you but does no damage.
The orc priest hits you but does no damage.
You block the orc wizard's attack.
The orc wizard gestures at you while chanting.
You feel as though you will be slow longer.
The orc priest calls down the wrath of Beogh upon you.
Beogh smites you!
Ouch! That really hurt!
You die...

#...# #.# #...#
#.####...######
.........†....†.
.#.####......### #.#
###..†..# # #.#
#.......# #
#.########.###.......###
#>....(@o(o............'
##########o#####†....###
#.# #.....### #.#
#......## ######o##
#......## #....ooo#
###....# #.......#
###### #.......#
#.......#


You could see an orc priest, an orc wizard (fast, blind) and an orc.

Vanquished Creatures
  2 adders (D:3)
  An adder skeleton (D:3)
  A worm (D:3)
  A dart slug (D:1)
  An orc (D:3)
  A ball python (D:3)
  A bat (D:3)
  A hobgoblin (D:1)
  3 frilled lizards (D:3)
  2 kobolds
  3 rats
17 creatures vanquished.

Notes
Turn   | Place    | Note
-------+----------+-------------------------------------------
     0 | D:1      | Lanoc the Tengu Fighter began the quest for the Orb.
     0 | D:1      | Reached XP level 1. HP: 14/14 MP: 2/2
   243 | D:3      | Reached XP level 2. HP: 19/19 MP: 3/3
   387 | D:3      | Reached skill level 1 in Dodging
   437 | D:3      | Reached XP level 3. HP: 23/23 MP: 4/4
   576 | D:3      | HP: 1/23 [orc wizard/+0 dagger (1)]
   578 | D:3      | Killed from afar by an orc priest

Illustrated notes

Levels and vault maps discovered:
D:1:      wheals_arrival_linesprint, layout_basic, hex_medium
D:2:      layout_basic
D:3:      layout_basic, serial_glass, glass_columns_b, glass_columns_b,
          due_unseen_surprise, item_on_display_a, item_on_display_a

Skill      XL: |  1  2  3 |
---------------+----------+-----
Dodging        | 1 |  1.2
Long Blades    | 3 |  3.1
Fighting       | |  3.3
Armour         | |  3.6
Shields        | |  3.0

Action                   || total
-------------------------++-------
Melee: Long sword        ||    43
       Kick              ||    14
       Peck              ||    10
Throw: Dart              ||     1
Armor: Scale mail        ||     3
       Plate armour      ||    35
Dodge: Dodged            ||     5
Block: Kite shield       ||    20
       Rpst.: Long sword ||     1

Table legend: (Time is in decaauts)
 A = Elapsed time spent in this place.
 B = Non-inter-level travel time spent in this place.
 C = Inter-level travel time spent in this place.
 D = Time resting spent in this place.
 E = Time spent auto-exploring this place.
 F = Levels seen in this place.
 G = Mean time per level.
                   A        B        C        D        E       F      G
               +--------+--------+--------+--------+--------+-----+--------+
         Total |    593 |    578 |     15 |      0 |    404 |   3 |  197.7 |
       Dungeon |    593 |    578 |     15 |      0 |    404 |   3 |  197.7 |
               +--------+--------+--------+--------+--------+-----+--------+

Top non-repeatable levels by time:
     D:3: 355 daAuts
     D:1: 167 daAuts
     D:2: 70 daAuts
